 Dungeon Crawl Stone Soup version 0.28.0-53-g5a82cb258f (webtiles) character file.

Game seed: 14022659411460929093

340 selky the Shield-Bearer (level 6, 0/55 HPs)
             Began as a Deep Dwarf Fighter on July 1, 2022.
             Slain by Grinder (3 damage)
             ... on level 4 of the Dungeon.
             The game lasted 00:03:48 (2714 turns).

selky the Shield-Bearer (Deep Dwarf Fighter)        Turns: 2714, Time: 00:03:49

Health: 0/55       AC:  8    Str: 22    XL:     6   Next: 30%
Magic:  4/4        EV:  9    Int:  8    God:
Gold:   159        SH:  0    Dex: 12    Spells: 5/5 levels left

rFire   . . .      SeeInvis .   r - +4 quarterstaff (chaos)
rCold   . . .      Faith    .   (shield currently unavailable)
rNeg    . . .      Spirit   .   b - +0 scale mail
rPois   .          Reflect  .   o - +0 hat
rElec   .          Harm     .   q - +0 cloak
rCorr   .          Rampage  .   (no gloves)
Will    .....                   (no boots)
Stlth   ..........              (no amulet)
HPRegen 0.00/turn               (no ring)
MPRegen 0.09/turn               (no ring)

@: mighty
A: damage resistance, heal wounds, sense surroundings 1, no regeneration
a: Heal Wounds


You were on level 4 of the Dungeon.
You visited 1 branch of the dungeon, and saw 4 of its levels.

You collected 159 gold pieces.

Inventory:

Hand Weapons
 a - a +0 war axe
 r - a +4 quarterstaff of chaos (weapon)
Armour
 b - a +0 scale mail (worn)
 c - a +0 buckler
 o - a +0 hat (worn)
 q - a +0 cloak (worn)
Wands
 t - a wand of acid (8)
Scrolls
 e - 5 scrolls of identify {unknown}
 g - a scroll of fear {unknown}
 h - a scroll of acquirement {unknown}
 i - 2 scrolls of immolation {unknown}
 j - a scroll of noise {unknown}
 m - a scroll of brand weapon {unknown}
 n - a scroll of amnesia {unknown}
 p - a scroll of teleportation {unknown}
 w - a scroll of magic mapping {unknown}
Potions
 d - a potion of might
 f - a potion of magic {unknown}
 k - a potion of haste {unknown}
 l - a potion of degeneration {unknown}
 s - 2 potions of flight {unknown}
 u - a potion of heal wounds {unknown}
 v - 2 potions of mutation {unknown}


   Skills:
 - Level 2.7 Fighting
 - Level 4.6 Axes
 * Level 3.6 Staves
 - Level 3.3 Armour
 - Level 4.6 Shields


You had 5 spell levels left.
You didn't know any spells.
Your spell library contained the following spells:

 Spells                   Type           Power      Damage    Failure   Level
 Apportation              Tloc           0%         N/A       75%         1
 Scorch                   Fire           0%         2d5       86%         2
 Ozocubu's Armour         Ice            0%         N/A       98%         3
 Flame Wave               Conj/Fire      0%         2d4       100%        4
 Alistair's Intoxication  Tmut/Pois      0%         N/A       100%        5
 Summon Cactus Giant      Summ           0%         N/A       100%        6
 Ozocubu's Refrigeration  Ice            0%         4d5       100%        7


Dungeon Overview and Level Annotations

Branches:
Dungeon (4/15)
 Temple: D:4-7

Altars:
Sif Muna

Annotations:
D:4 Grinder


Innate Abilities, Weirdness & Mutations

You are resistant to damage.
You can heal yourself by infusing magical energy.
You passively map a small area around you.
You do not regenerate.


Message History

Grinder shouts!
Grinder gestures at you. You resist with some effort.
Found a stone staircase leading down.
There is a stone staircase leading up here.
Grinder is nearby!
Unknown command.
You feel very mighty all of a sudden. Grinder gestures at you.
You resist with some effort.
You closely miss Grinder. Grinder hits you.
You writhe in agony.
You sock Grinder!
Grinder is moderately wounded.
Grinder gestures at you.
You suddenly lose the ability to move!
Grinder hits you! Grinder hits you but does no damage.
You can move again.
You closely miss Grinder.
Grinder is moderately wounded.
Grinder hits you.
* * * LOW HITPOINT WARNING * * *
You writhe in agony.
* * * LOW HITPOINT WARNING * * *
You closely miss Grinder.
Grinder is moderately wounded.
Grinder hits you.
You writhe in agony.
Unknown command.
You hit Grinder.
Grinder is moderately wounded.
Grinder barely misses you. Grinder gestures at you.
You resist with significant effort.
You barely miss Grinder.
Grinder is moderately wounded.
Grinder says, "Make like a tree!"
Grinder hits you!
* * * LOW HITPOINT WARNING * * *
You writhe in agony.
You die...

#...#...†......##.............#..
..............###.............#..
...............#.................
.#.##..........................#
#*## ###.........................
###.).......##............
#.......#...............
#.......................
#......@5.# ###.......# *
#........## , .....>....,,
...##...... , .. *###....# , #
#.#.## * #####


You could see Grinder.

Vanquished Creatures
  Pargi (D:4)
  Crazy Yiuf (D:3)
  Natasha (thrice) (D:4)
  4 adders
  2 worms
  6 dart slugs
  An orc (D:4)
  9 endoplasms
  4 giant cockroaches
  12 goblins
  7 hobgoblins
  7 kobolds
  10 quokkas
  9 ball pythons
  3 bats
  6 frilled lizards
  6 rats
91 creatures vanquished.

Vanquished Creatures (others)
  A plant (D:1)
1 creature vanquished.

Grand Total: 92 creatures vanquished

Notes
Turn   | Place    | Note
-------+----------+-------------------------------------------
     0 | D:1      | selky the Deep Dwarf Fighter began the quest for the Orb.
     0 | D:1      | Reached XP level 1. HP: 20/20 MP: 1/1
    81 | D:1      | Reached XP level 2. HP: 20/27 MP: 2/2
   333 | D:1      | Found a faded altar of an unknown god.
   337 | D:1      | Reached XP level 3. HP: 14/33 MP: 3/3
  1356 | D:2      | Reached XP level 4. HP: 31/40 MP: 3/3
  2037 | D:3      | Found a runed translucent door.
  2038 | D:3      | Noticed Crazy Yiuf
  2140 | D:3      | Killed Crazy Yiuf
  2198 | D:4      | Reached XP level 5. HP: 31/46 MP: 4/4
  2247 | D:4      | Reached skill level 1 in Staves
  2277 | D:4      | Noticed Natasha
  2282 | D:4      | Killed Natasha
  2284 | D:4      | Noticed Natasha
  2293 | D:4      | Killed Natasha
  2303 | D:4      | Noticed Pargi
  2311 | D:4      | Killed Pargi
  2312 | D:4      | Reached XP level 6. HP: 43/55 MP: 4/4
  2383 | D:4      | Found a shimmering blue altar of Sif Muna.
  2391 | D:4      | Noticed Natasha
  2397 | D:4      | Killed Natasha
  2705 | D:4      | Noticed Grinder
  2708 | D:4      | Paralysed by Grinder for 3 turns
  2714 | D:4      | Slain by Grinder

Illustrated notes

Levels and vault maps discovered:
D:1:      saegor_arrival_simple_b, layout_loops_ring,
          hellmonk_ecumenical_altar_arch_garden, serial_bayou_pond_b
D:2:      layout_basic, minmay_ruptured
D:3:      layout_loops_ring, uniq_crazy_yiuf_cottage
D:4:      layout_cave_pools, nicolae_sif_muna_little_library, serial_shops,
          shop, uniq_grinder, uniq_pargi, uniq_natasha

Skill      XL: |  1  2  3  4  5 |
---------------+----------------+-----
Shields        | 4 |  4.6
Axes           | 3 4 |  4.6
Staves         | 3 |  3.6
Fighting       | |  2.7
Armour         | |  3.3

Action                   |  1- 3 |  4- 6 || total
-------------------------+-------+-------++-------
Melee: War axe           |   117 |    74 ||   191
       Quarterstaff      |       |    63 ||    63
 Abil: Heal Wounds       |     1 |     2 ||     3
  Use: Potion            |       |     2 ||     2
 Stab: Paralysed         |       |     1 ||     1
Armor: Scale mail        |    45 |    76 ||   121
Dodge: Dodged            |    57 |    91 ||   148
Block: Buckler           |    34 |    17 ||    51
